 Dungeon Crawl Stone Soup version 0.24.0-2-g5b39cebb1c (webtiles) character file.

Game seed: 9711459986162711182, levelgen mode: deterministic

282 SaintRoka the Chopper (level 6, 0/56 HPs)
             Began as a Naga Berserker on Oct 31, 2019.
             Was a Priest of Trog.
             Killed from afar by Natasha (4 damage)
             ... with a magic dart
             ... on level 4 of the Dungeon.
             The game lasted 00:04:53 (3054 turns).

SaintRoka the Chopper (Naga Berserker)              Turns: 3054, Time: 00:04:54

Health: 0/56       AC:  7    Str: 22    XL:     6   Next: 28%
Magic:  6/6        EV:  6    Int:  7    God:    Trog [***...]
Gold:   203        SH:  0    Dex: 10    Spells: 5/5 levels left

rFire    . . .     SeeInvis +   a - +0 hand axe
rCold    . . .     Gourm    .   (no shield)
rNeg     . . .     Faith    .   g - +0 chain mail
rPois    +         Spirit   .   (no helmet)
rElec    .         Reflect  .   (no cloak)
rCorr    .         Harm     .   (no gloves)
MR       .....                  (no barding)
Stlth    ..........             (no amulet)
HPRegen  0.18/turn              (no ring)
MPRegen  0.10/turn              (no ring)

@: berserk cooldown, very slightly contaminated, hasted and slowed, invisible,
very slow
A: large, see invisible, deformed body, poison resistance, slowness 2, slow
metabolism 1, spit poison 1, AC +2
a: Spit Poison, Berserk, Trog's Hand, Renounce Religion


You were on level 4 of the Dungeon.
You worshipped Trog.
Trog was most pleased with you.
You were not hungry.

You visited 1 branch of the dungeon, and saw 4 of its levels.

You collected 203 gold pieces.

Inventory:

Hand Weapons
 a - a +0 hand axe (weapon)
 o - a +0 morningstar
Missiles
 d - 8 silver javelins (quivered)
 v - 4 atropa-tipped darts
 w - 5 boomerangs
Armour
 b - a +0 animal skin
 g - a +0 chain mail (worn)
 n - a +0 ring mail
Wands
 h - a wand of clouds (3)
 m - a wand of digging (7)
Scrolls
 e - a scroll of fog {unknown}
 i - 2 scrolls of teleportation {unknown}
 j - a scroll of random uselessness {unknown}
 p - 2 scrolls of remove curse {unknown}
 r - a scroll of enchant weapon {unknown}
 s - a scroll of immolation {unknown}
Potions
 l - a potion of magic {unknown}
 t - a potion of agility {unknown}
 u - a potion of might {unknown}
Comestibles
 c - 7 rations


   Skills:
 + Level 3.4 Fighting
 + Level 5.5 Axes
 + Level 3.0 Armour
 + Level 2.0 Dodging


You had 5 spell levels left.
You didn't know any spells.
Your spell library was empty.

Dungeon Overview and Level Annotations

Branches:
Dungeon (4/15)
 Temple: D:4-7

Altars:
Vehumet

Annotations:
D:4 Natasha


Innate Abilities, Weirdness & Mutations

You cannot wear boots.
Your serpentine skin is tough. (AC +2)
You have supernaturally acute eyesight. (SInv)
Armour fits poorly on your strangely shaped body.
Your system is resistant to poisons. (rPois)
You cover ground very slowly.
You have a slow metabolism.
You can spit poison.


Message History

You feel yourself speed up.
The bullfrog skeleton hits you but does no damage. x2
Okay, then.
Unknown command.
The bullfrog skeleton barely misses you.
Natasha, Servant of Life and Death comes into view.
Unknown command.
The bullfrog skeleton hits you.
* * * LOW HITPOINT WARNING * * *
The bullfrog skeleton hits you.
* * * LOW HITPOINT WARNING * * *
The bullfrog skeleton closely misses you.
You fade into invisibility!
The bullfrog skeleton barely misses you. x2
You are very lightly contaminated with residual magic.
The bullfrog skeleton hits you.
* * * LOW HITPOINT WARNING * * *
Natasha casts a spell at you. The magic dart hits you.
You die...

... ...#.# #.#....#
.....#.#.####.#....#
..........)%.......#.#
.......#.#....#.#..#.#
.#.#.####............# #
##...........#
#..h........#
###.........## #(
.########Z@.......####..
........###............
........# #.#....##..#
........# #.#........#####.
........###.#.##..#........
........+..................
........#.#.#.......<......
........#.#.#.##....######.
........'..............


You could see Natasha and a bullfrog skeleton.

Vanquished Creatures
  A howler monkey (D:4)
  A bullfrog skeleton (D:4)
  Ijyb (D:4)
  Natasha (D:4)
  Terence (D:2)
  An orc wizard (D:3)
  2 adders
  A worm (D:2)
  A dart slug (D:2)
  4 leopard geckos
  9 orcs (D:3)
  4 giant cockroaches
  10 goblins
  11 hobgoblins
  7 kobolds
  A quokka (D:3)
  3 ball pythons (D:3)
  6 bats
  6 frilled lizards
  7 rats
78 creatures vanquished.

Notes
Turn   | Place    | Note
-------+----------+-------------------------------------------
     0 | D:1      | SaintRoka the Naga Berserker began the quest for the Orb.
     0 | D:1      | Reached XP level 1. HP: 21/21 MP: 1/1
     0 | D:1      | Noticed a large abomination
     2 | D:1      | Noticed a green draconian
     4 | D:1      | Noticed a large abomination
     5 | D:1      | Noticed a shadow dragon
     6 | D:1      | Noticed a tentacled monstrosity
     7 | D:1      | Noticed an orb of fire
     8 | D:1      | Noticed an iron dragon
    10 | D:1      | Noticed a black draconian
    10 | D:1      | Noticed a shadow dragon
    12 | D:1      | Noticed an iron dragon
    14 | D:1      | Noticed a white draconian
    16 | D:1      | Noticed a large abomination
    16 | D:1      | Noticed an orb of fire
    18 | D:1      | Noticed a red draconian
    18 | D:1      | Noticed a green draconian
    20 | D:1      | Noticed an iron dragon
   349 | D:1      | Reached XP level 2. HP: 28/28 MP: 2/2
   951 | D:1      | Reached skill level 4 in Axes
  1084 | D:1      | Reached XP level 3. HP: 34/34 MP: 3/3
  1495 | D:2      | Found a radiant altar of Vehumet.
  1549 | D:2      | Reached ** piety under Trog
  1682 | D:2      | Noticed Terence
  1692 | D:2      | Killed Terence
  1692 | D:2      | Reached XP level 4. HP: 36/42 MP: 4/4
  2581 | D:3      | Reached XP level 5. HP: 34/49 MP: 5/5
  2729 | D:3      | Reached skill level 5 in Axes
  2742 | D:3      | Reached *** piety under Trog
  2946 | D:4      | Noticed Natasha
  2957 | D:4      | Killed Natasha
  3014 | D:4      | Noticed Ijyb
  3016 | D:4      | Reached XP level 6. HP: 29/56 MP: 6/6
  3029 | D:4      | Killed Ijyb
  3046 | D:4      | Noticed Natasha
  3054 | D:4      | Killed from afar by Natasha

Levels and vault maps discovered:
D:1:      shiori_arrival_whats_in_store_for_you, layout_loops_corners,
          minmay_misc_feat_secret_circle
D:2:      layout_basic, overflow_temple_1_default, uniq_terence
D:3:      layout_rooms
D:4:      layout_basic, lemuel_doored_altar, ebering_ghost_reflecting_pool,
          first_ration, makhleb_heckhound_becter, uniq_duvessa, uniq_natasha,
          uniq_ijyb

Skill      XL: |  1  2  3  4  5  6 |
---------------+-------------------+-----
Axes           | 4 5 |  5.5
Armour         | 2 3 |  3.0
Dodging        | 2 |  2.0
Fighting       | |  3.4

Action                   |  1- 3 |  4- 6 || total
-------------------------+-------+-------++-------
Melee: Hand axe          |   131 |   155 ||   286
Invok: Berserk           |     2 |     2 ||     4
 Abil: Spit Poison       |     5 |     4 ||     9
  Use: Scroll            |       |     3 ||     3
       Potion            |       |     3 ||     3
  Eat: Chunk             |     3 |     6 ||     9
Armor: Animal skin       |     5 |       ||     5
       Chain mail        |    46 |    58 ||   104
Dodge: Dodged            |    66 |    44 ||   110
